AoeStats
← [YOBA] ♂️CUM♂️BACK

Oasis

509967045Analyzed
2v2 RM · 4d ago on Sep 28, 2026· 43m 37s· 4 players
Game mode
Random Map
Map size
Medium (4 player)
Population
200
Speed
Normal
Resources
Standard
Victory
Conquest
Starting age
Dark Age
Ending age
Imperial Age
RankedLock teamsTeams togetherTeam positionsShared explorationLock speedFull tech treeHidden civsTurbo modeCheats
Victory
Defeat
🇨🇦 Persians · Canada
1208
+19
🇨🇦 Britons · Canada
1200
+19
🇷🇺 Spanish · Russia
1278
-19
1277
-19
legrostas
6:16 Loom
9:22 Feudal Age
10:36 Double-Bit Axe
15:08 Horse Collar
21:47 Castle Age
19:52 Fletching
20:14 Forging
20:51 Bloodlines
21:29 Scale Barding Armor
24:12 Iron Casting
26:07 Bow Saw
30:03 Wheelbarrow
30:19 Town Watch
31:37 Chain Barding Armor
31:48 Husbandry
33:58 Hand Cart
36:18 Imperial Age
33:57 Gold Mining
34:43 Heavy Plow
36:12 Cavalier
37:29 Plate Barding Armor
37:55 Blast Furnace
38:24 Savar
39:18 Caravan
42:04 Fletching
Chobezz4820
7:03 Loom
9:26 Feudal Age
9:59 Double-Bit Axe
10:33 Horse Collar
18:49 Wheelbarrow
18:58 Fletching
19:09 Padded Archer Armor
21:19 Castle Age
19:14 Gold Mining
19:50 Padded Archer Armor
22:49 Gold Shaft Mining
22:26 Bow Saw
22:17 Heavy Plow
21:53 Crossbowman
23:23 Bodkin Arrow
24:58 Hand Cart
26:04 Town Watch
28:04 Leather Archer Armor
28:47 Ballistics
29:52 Stone Mining
36:08 Imperial Age
35:08 Masonry
34:40 Treadmill Crane
36:30 Murder Holes
37:03 Bracer
38:06 Chemistry
36:37 Arbalester
38:01 Architecture
38:14 Town Patrol
38:57 Yeomen
39:57 Conscription
40:39 Ring Archer Armor
40:27 Guilds
42:04 Hoardings
41:37 Caravan
41:43 Caravan
[YOBA] ♂️CUM♂️BACK
0:45 Loom
11:31 Feudal Age
12:08 Double-Bit Axe
12:05 Horse Collar
17:25 Padded Archer Armor
24:02 Castle Age
26:03 Wheelbarrow
25:52 Squires
34:04 Bow Saw
36:12 Pikeman
37:29 Fletching
39:57 Anarchy
41:28 Scale Mail Armor
[YOBA]Ermak
1:34 Loom
12:26 Feudal Age
18:29 Castle Age
17:07 Horse Collar
18:08 Double-Bit Axe
21:56 Scale Barding Armor
22:20 Forging
24:10 Bow Saw
24:52 Chain Barding Armor
25:37 Bloodlines
26:59 Husbandry
27:39 Heavy Plow
27:34 Fletching
31:05 Iron Casting
31:36 Wheelbarrow
30:47 Town Watch
34:22 Gold Mining
35:54 Padded Archer Armor
36:54 Stone Mining
38:24 Hand Cart
42:11 Coinage
44:33 Imperial Age
Connection lost

Rejoining the realm…

Still unreachable

The connection could not be restored.

Session expired

The server has moved on; the page needs a fresh start.